 Dungeon Crawl Stone Soup version 0.31.0-32-g396128a36d (webtiles) character file.

Game seed: 18215343170827212640

339 Marixus the Slasher (level 6, -3/76 HPs)
             Began as a Gnoll Reaver on Apr 12, 2024.
             Was an Initiate of Okawaru.
             Succumbed to a gnoll sergeant's poison
             ... on level 4 of the Dungeon.
             The game lasted 00:12:49 (3462 turns).

Marixus the Slasher (Gnoll Reaver)                  Turns: 3462, Time: 00:12:50

Health: -3/76      AC: 13    Str: 14    XL:     6   Next: 55%
Magic:  14/14      EV:  4    Int: 12    God:    Okawaru [......]
Gold:   242        SH:  0    Dex: 10    Spells: 14/15 levels left

rFire   . . .        f - +4 dagger
rCold   . . .        (no shield)
rNeg    . . .        j - +0 plate armour
rPois   .            l - +1 helmet
rElec   .            (no cloak)
rCorr   .            (no gloves)
SInv    .            (no boots)
Will    .....        p - amulet of the acrobat Stlth
                     (no ring)
HPRegen 0.32/turn    (no ring)
MPRegen 0.14/turn

%: acrobat
@: berserking, lethally poisoned (-3 -> -41), very quick
A: fangs 1, strong nose, distributed training
a: Renounce Religion


You were on level 4 of the Dungeon.
You worshipped Okawaru.
Okawaru was noncommittal.
You visited 1 branch of the dungeon, and saw 4 of its levels.

You collected 242 gold pieces.

Inventory:

Hand Weapons
 f - a +4 dagger (weapon)
Missiles
 h - 5 poisoned darts
Armour
 j - a +0 plate armour (worn)
 l - a +1 helmet (worn)
Jewellery
 p - an amulet of the acrobat (around neck)
Wands
 k - a wand of light (10)
Scrolls
 a - a scroll of summoning {unknown}
 g - 2 scrolls of enchant armour {unknown}
 m - a scroll of fog {unknown}
 n - a scroll of noise {unknown}
 o - 2 scrolls of teleportation {unknown}
 q - 3 scrolls of identify {unknown}
 r - 3 scrolls of vulnerability {unknown}
 t - a scroll of torment {unknown}
Potions
 d - a potion of lignification {unknown}
 i - a potion of degeneration {unknown}
 s - a potion of resistance {unknown}
 u - a potion of brilliance {unknown}


   Skills:
 + Level 5.0 Fighting
 + Level 2.1 Short Blades
 + Level 6.9 Long Blades
 + Level 2.1 Axes
 + Level 2.1 Maces & Flails
 + Level 2.1 Polearms
 + Level 2.1 Staves
 + Level 2.1 Ranged Weapons
 + Level 2.1 Throwing
 + Level 2.1 Armour
 + Level 5.0 Dodging
 + Level 2.1 Stealth
 + Level 2.1 Shields
 + Level 2.1 Unarmed Combat
 + Level 5.4 Spellcasting
 + Level 5.7 Conjurations
 + Level 1.6 Hexes
 + Level 1.6 Summonings
 + Level 1.6 Necromancy
 + Level 1.6 Translocations
 + Level 1.6 Fire Magic
 + Level 1.6 Ice Magic
 + Level 1.6 Air Magic
 + Level 1.6 Earth Magic
 + Level 1.6 Alchemy
 + Level 2.3 Invocations
 + Level 2.1 Evocations
 + Level 1.9 Shapeshifting


You had 14 spell levels left.
You knew the following spells:

 Your Spells              Type           Power      Damage    Failure   Level
a - Kiss of Death         Conj/Necr      48%        2d9       99%         1

Your spell library contained the following spells:

 Spells                   Type           Power      Damage    Failure   Level
 Sting                    Conj/Alch      48%        1d6       99%         1
 Apportation              Tloc           14%        N/A       100%        1
 Necrotise                Necr           28%        1d5       100%        1
 Ensorcelled Hibernation  Hex/Ice        14%        N/A       100%        2
 Momentum Strike          Conj/Tloc      24%        3d8       100%        2
 Hailstorm                Conj/Ice       12%        3d6       100%        3
 Passwall                 Erth           7%         N/A       100%        3
 Swiftness                Air            7%         N/A       100%        3
 Summon Small Mammal      Summ           Unusable   N/A       N/A         1

Dungeon Overview and Level Annotations

Branches:
Dungeon (4/15)
 Temple: D:4-7

Altars:
Okawaru
Ru
Sif Muna

Shops:
D:2 [


Innate Abilities, Weirdness & Mutations

You have very sharp teeth.
Your uncanny sense of smell can sniff out nearby items.
Your experience applies equally to all skills.


Message History

You feel very sick.
You hit the gnoll sergeant but do no damage.
Your bite misses the gnoll sergeant.
The gnoll sergeant is heavily wounded.
You feel sick.
The gnoll sergeant hits you but does no damage.
You are more poisoned.
You hit the gnoll sergeant but do no damage.
The gnoll sergeant is moderately wounded.
You feel very sick.
The gnoll sergeant hits you with a +2 spear of venom.
You are lethally poisoned!
You hit the gnoll sergeant but do no damage.
Your bite misses the gnoll sergeant.
The gnoll sergeant is moderately wounded.
* * * LOW HITPOINT WARNING * * *
You feel very sick.
The gnoll sergeant hits you with a +2 spear of venom.
* * * LOW HITPOINT WARNING * * *
You are more poisoned.
Okay, then.
Okay, then.
It was a potion of berserk rage.
A red film seems to cover your vision as you go berserk!
You feel yourself moving faster!
You feel mighty!
* * * LOW HITPOINT WARNING * * *
You feel extremely sick.
The gnoll sergeant hits you but does no damage.
You are more poisoned.
You are too berserk!
You puncture the gnoll sergeant!
You punch the gnoll sergeant, but do no damage.
The gnoll sergeant is severely wounded.
* * * LOW HITPOINT WARNING * * *
You feel very sick.
The gnoll sergeant hits you but does no damage.
You are more poisoned.
You puncture the gnoll sergeant!
The gnoll sergeant is almost dead.
You die...

...... #.#
###### #.#
#.# #.#
#.# #.#
##### #.#
....# #.#
....# #@#
....# #g#
....# #g#
....###.#.
#g#
##........
#g#
#.####.##
#g# #.# ∆
#.# #.#
#.# #.#


You could see a gnoll sergeant and 4 gnolls.

Vanquished Creatures
  A scorpion (D:4)
  An orc priest (D:3)
  A hound (D:3)
  The ghost of gamers12 the Trooper, a weakling MiFi (D:3)
  Robin (D:2)
  4 gnolls
  6 adders
  An ufetubus (D:3)
  A dart slug (D:3)
  A ribbon worm (D:2)
  5 orcs (D:3)
  8 endoplasms
  2 giant cockroaches
  12 goblins
  12 hobgoblins
  3 jackals (D:1)
  7 kobolds
  3 quokkas
  11 ball pythons
  6 bats
  5 frilled lizards
  3 rats
95 creatures vanquished.

Notes
Turn   | Place    | Note
-------+----------+-------------------------------------------
     0 | D:1      | Marixus the Gnoll Reaver began the quest for the Orb.
     0 | D:1      | Reached XP level 1. HP: 20/20 MP: 6/6
   142 | D:1      | Reached XP level 2. HP: 20/26 MP: 7/7
   603 | D:1      | Reached skill level 5 in Spellcasting
   603 | D:1      | Reached XP level 3. HP: 31/31 MP: 7/9
   828 | D:2      | Found Kuisel's Armour Shop.
   845 | D:2      | Reached skill level 1 in Invocations
  1189 | D:2      | Reached skill level 1 in Short Blades
  1189 | D:2      | Reached skill level 1 in Axes
  1189 | D:2      | Reached skill level 1 in Maces & Flails
  1189 | D:2      | Reached skill level 1 in Polearms
  1189 | D:2      | Reached skill level 1 in Staves
  1189 | D:2      | Reached skill level 1 in Ranged Weapons
  1189 | D:2      | Reached skill level 1 in Throwing
  1189 | D:2      | Reached skill level 1 in Armour
  1189 | D:2      | Reached skill level 1 in Stealth
  1189 | D:2      | Reached skill level 1 in Shields
  1189 | D:2      | Reached skill level 1 in Unarmed Combat
  1189 | D:2      | Reached skill level 1 in Evocations
  1197 | D:2      | Noticed Robin
  1216 | D:2      | Killed Robin
  1217 | D:2      | Reached skill level 1 in Shapeshifting
  1217 | D:2      | Reached XP level 4. HP: 17/38 MP: 11/11
  1644 | D:2      | Reached skill level 1 in Hexes
  1644 | D:2      | Reached skill level 1 in Summonings
  1644 | D:2      | Reached skill level 1 in Necromancy
  1644 | D:2      | Reached skill level 1 in Translocations
  1644 | D:2      | Reached skill level 1 in Fire Magic
  1644 | D:2      | Reached skill level 1 in Ice Magic
  1644 | D:2      | Reached skill level 1 in Air Magic
  1644 | D:2      | Reached skill level 1 in Earth Magic
  1644 | D:2      | Reached skill level 1 in Alchemy
  1935 | D:3      | Found a sacrificial altar of Ru.
  2010 | D:3      | Reached XP level 5. HP: 42/43 MP: 12/12
  2179 | D:3      | Found an iron altar of Okawaru.
  2186 | D:3      | Became a worshipper of Warmaster Okawaru
  2229 | D:3      | Found a faded altar of an unknown god.
  2234 | D:3      | Found a shimmering blue altar of Sif Muna.
  2316 | D:3      | Found a runed translucent gate.
  2316 | D:3      | Found a runed translucent gate.
  2316 | D:3      | Found a runed translucent gate.
  2316 | D:3      | Noticed gamers12's ghost (weakling MiFi)
  2350 | D:3      | Killed gamers12's ghost
  2523 | D:3      | Reached XP level 6. HP: 41/50 MP: 13/13
  2753 | D:3      | Found a faded altar of an unknown god.
  3032 | D:4      | Reached skill level 5 in Fighting
  3032 | D:4      | Reached skill level 5 in Dodging
  3461 | D:4      | HP: 3/76 [poisoned by a gnoll sergeant]
  3462 | D:4      | Succumbed to a gnoll sergeant's poison

Illustrated notes

Levels and vault maps discovered:
D:1:      wander_arrival_lonely_grave, layout_loops_ring
D:2:      layout_loops_ring, serial_shops, shop, st_stairs_7, uniq_robin
D:3:      layout_rooms, nicolae_overflow_crystal_walls,
          nicolae_overflow_ecumenical_swirl, mainiacjoe_overflow_24_doors,
          ebering_ghost_rock_garden, nicolae_ecumenical_snake_handling,
          minmay_divided_ellipse
D:4:      layout_basic

Skill      XL: |  1  2  3  4  5  6 |
---------------+-------------------+-----
Spellcasting   | 5 |  5.4
Invocations    | 1 2 |  2.3
Short Blades   | 1 2 |  2.1
Axes           | 1 2 |  2.1
Maces & Flails | 1 2 |  2.1
Polearms       | 1 2 |  2.1
Staves         | 1 2 |  2.1
Ranged Weapons | 1 2 |  2.1
Throwing       | 1 2 |  2.1
Armour         | 1 2 |  2.1
Stealth        | 1 2 |  2.1
Shields        | 1 2 |  2.1
Unarmed Combat | 1 2 |  2.1
Evocations     | 1 2 |  2.1
Shapeshifting  | 1 |  1.9
Hexes          | 1 |  1.6
Summonings     | 1 |  1.6
Necromancy     | 1 |  1.6
Translocations | 1 |  1.6
Fire Magic     | 1 |  1.6
Ice Magic      | 1 |  1.6
Air Magic      | 1 |  1.6
Earth Magic    | 1 |  1.6
Alchemy        | 1 |  1.6
Fighting       | 5 |  5.0
Dodging        | 5 |  5.0
Long Blades    | |  6.9
Conjurations   | |  5.7

Action                     |  1- 3 |  4- 6 || total
---------------------------+-------+-------++-------
  Melee: Falchion          |    57 |       ||    57
         Bite              |    14 |    14 ||    28
         Dagger            |    80 |   214 ||   294
         Punch             |     1 |     4 ||     5
    Use: Potion            |       |     6 ||     6
 Armour: Leather armour    |    34 |       ||    34
         Plate armour      |    32 |   176 ||   208
  Dodge: Dodged            |    68 |    41 ||   109
